 Dungeon Crawl Stone Soup version 0.30-a0-222-ge547ba4400 (webtiles) character file.

Game seed: 1300703202351606904

56 Aibolit the Trooper (level 3, 0/34 HPs)
             Began as a Hill Orc Berserker on Oct 8, 2022.
             Was a Follower of Elyvilon.
             Slain by Grinder (3 damage)
             ... on level 3 of the Dungeon.
             The game lasted 00:03:35 (2621 turns).

Aibolit the Trooper (Hill Orc Berserker)            Turns: 2621, Time: 00:03:36

Health: 0/34       AC:  8    Str: 21    XL:     3   Next: 97%
Magic:  3/3        EV:  8    Int:  7    God:    Elyvilon [*.....]
Gold:   118        SH:  0    Dex: 10    Spells: 2/2 levels left

rFire   . . .      SeeInvis +    a - +0 hand axe
rCold   . . .      Faith    .    (no shield)
rNeg    . . .      Spirit   .    b - +0 chain mail
rPois   +          Reflect  .    (no helmet)
rElec   .          Harm     .    (no cloak)
rCorr   .          Rampage  .    (no gloves)
Will    .....                    (no boots)
Stlth   ..........               l - amulet of the acrobat
HPRegen 0.25/turn                d - ring of see invisible
MPRegen 0.08/turn                n - ring of poison resistance

@: no status effects
A: no striking features
a: Renounce Religion, Purification


You were on level 3 of the Dungeon.
You worshipped Elyvilon.
Elyvilon was aware of your devotion.
You visited 1 branch of the dungeon, and saw 3 of its levels.

You collected 118 gold pieces.

Inventory:

Hand Weapons
 a - a +0 hand axe (weapon)
Armour
 b - a +0 chain mail (worn)
Jewellery
 d - a ring of see invisible (left hand)
 l - an amulet of the acrobat (around neck)
 n - a ring of poison resistance (right hand)
Scrolls
 c - a scroll of blinking {unknown}
 e - a scroll of magic mapping {unknown}
 g - a scroll of butterflies {unknown}
 i - 3 scrolls of enchant weapon {unknown}
 k - 6 scrolls of identify {unknown}
 o - a scroll of acquirement {unknown}
 q - a scroll of poison {unknown}
Potions
 f - 2 potions of lignification {unknown}
 h - a potion of invisibility {unknown}
 j - a potion of brilliance {unknown}
 m - a potion of attraction {unknown}
 p - a potion of might {unknown}
 r - a potion of flight {unknown}
 s - 2 potions of heal wounds {unknown}


   Skills:
 + Level 4.7 Fighting
 - Level 4.4 Axes
 + Level 2.6 Armour
 + Level 2.1 Dodging


You had 2 spell levels left.
You didn't know any spells.
Your spell library contained the following spells:

 Spells                   Type           Power      Damage    Failure   Level
 Static Discharge         Conj/Air       0%         2-2/arc   100%        2
 Dazzling Flash           Conj/Hex       0%         N/A       100%        3
 Vhi's Electric Charge    Tloc/Air       0%         N/A       100%        3
 Agony                    Necr           0%         N/A       100%        5
 Arcjolt                  Conj/Air       0%         1d10      100%        5
 Silence                  Hex/Air        0%         N/A       100%        5


Dungeon Overview and Level Annotations

Branches:
Dungeon (3/15)

Altars:
Elyvilon

Annotations:
D:3 Grinder


Message History

You closely miss the quokka.
The quokka is almost dead.
The quokka bites you but does no damage.
You hit the quokka but do no damage.
The quokka is almost dead.
The quokka bites you.
You closely miss the quokka.
The quokka is almost dead.
The quokka bites you.
Grinder blinks!
You slash the quokka!
You kill the quokka!
Grinder gestures at you. Pain shoots through your body!
You are too injured to fight recklessly!
You are too injured to fight recklessly!
You are too injured to fight recklessly!
Unknown command.
You are too injured to fight recklessly!
You are too injured to fight recklessly!
You have nothing you can fire or use right now.
You don't know any spells.
You hit the kobold.
The kobold is heavily wounded.
The kobold barely misses you.
You barely miss the kobold.
The kobold is heavily wounded.
The kobold hits you with a +0 dagger.
You hit the kobold.
You kill the kobold!
You see here a +0 dagger.
You hit Grinder but do no damage. Grinder hits you.
You writhe in agony.
You barely miss Grinder. Grinder hits you. x2
* * * LOW HITPOINT WARNING * * *
You writhe in agony.
* * * LOW HITPOINT WARNING * * *
You completely miss Grinder. Grinder barely misses you.
You hit Grinder but do no damage. Grinder hits you.
* * * LOW HITPOINT WARNING * * *
You writhe in agony.
You die...

#...........
#.............>.
#...............
#....>..........
#...............
#...............
#...............
#.......5.......
#.......@.......
#####....!......
#...........
##########.. .


You could see Grinder.

Vanquished Creatures
  An adder (D:2)
  A dart slug (D:2)
  An orc (D:3)
  6 ball pythons
  2 endoplasms
  2 giant cockroaches (D:1)
  7 goblins
  5 hobgoblins
  2 quokkas
  2 bats
  3 frilled lizards
  5 kobolds
  2 rats (D:2)
39 creatures vanquished.

Notes
Turn   | Place    | Note
-------+----------+-------------------------------------------
     0 | D:1      | Aibolit the Hill Orc Berserker began the quest for the Orb.
     0 | D:1      | Reached XP level 1. HP: 19/19 MP: 1/1
   218 | D:1      | Reached XP level 2. HP: 13/27 MP: 2/2
  1212 | D:2      | Reached XP level 3. HP: 26/33 MP: 3/3
  1675 | D:2      | Found a white marble altar of Elyvilon.
  1690 | D:2      | Fell from the grace of Trog
  1690 | D:2      | Became a worshipper of Elyvilon the Healer
  1774 | D:2      | Found a faded altar of an unknown god.
  1976 | D:2      | Got the Book of the Tempest
  2584 | D:3      | Reached * piety under Elyvilon
  2603 | D:3      | Noticed Grinder
  2621 | D:3      | Slain by Grinder

Illustrated notes

Levels and vault maps discovered:
D:1:      dpeg_cavernosity, layout_loops_ring, minmay_stone_trees_medium
D:2:      layout_loops_corners, basic_altar, chequers_ecumenical_altar_lobes,
          kennysheep_generic_room_12
D:3:      layout_basic, minitemple, uniq_sigmund, uniq_grinder

Skill      XL: |  1  2  3 |
---------------+----------+-----
Fighting       | 4 |  4.7
Dodging        | 2 |  2.1
Axes           | |  4.4
Armour         | |  2.6

Action                   || total
-------------------------++-------
Melee: Hand axe          ||   134
Armor: Animal skin       ||     7
       Leather armour    ||    14
       Chain mail        ||    11
Dodge: Dodged            ||    62

Table legend: (Time is in decaauts)
 A = Elapsed time spent in this place.
 B = Non-inter-level travel time spent in this place.
 C = Inter-level travel time spent in this place.
 D = Time resting spent in this place.
 E = Time spent auto-exploring this place.
 F = Levels seen in this place.
 G = Mean time per level.
                   A        B        C        D        E       F      G
               +--------+--------+--------+--------+--------+-----+--------+
         Total |   2635 |   2355 |    280 |    301 |   1749 |   3 |  878.3 |
       Dungeon |   2635 |   2355 |    280 |    301 |   1749 |   3 |  878.3 |
               +--------+--------+--------+--------+--------+-----+--------+

Top non-repeatable levels by time:
     D:1: 1131 daAuts
     D:2: 1128 daAuts
     D:3: 374 daAuts
